 Dungeon Crawl Stone Soup version 0.22-a0-265-g0d8bc90 (webtiles) character file.

55 JeffiDaFish the Firebug (level 3, -2/19 HPs)
             Began as a Tengu Fire Elementalist on Mar 7, 2018.
             Killed from afar by a dart slug (5 damage)
             ... with a slug dart
             ... on level 2 of the Dungeon.
             The game lasted 00:03:31 (2261 turns).

JeffiDaFish the Firebug (Tengu Fire Elementalist)   Turns: 2261, Time: 00:03:32

Health: -2/19      AC:  2    Str:  8    XL:     3   Next: 93%
Magic:  6/7        EV: 13    Int: 16    God:
Gold:   26         SH:  0    Dex: 14    Spells: 2/6 levels left

rFire    . . .     SeeInvis .   f - +0 short sword
rCold    . . .     Gourm    .   (no shield)
rNeg     . . .     Faith    .   a - +0 robe
rPois    .         Spirit   .   (helmet restricted)
rElec    .         Reflect  .   (no cloak)
rCorr    .         Harm     .   (no gloves)
MR       .....                  (boots unavailable)
Stlth    ++........             (no amulet)
HPRegen  0.06/turn              (no ring)
MPRegen  0.10/turn              (no ring)

@: no status effects
A: beak, talons 3
a: no special abilities


You were on level 2 of the Dungeon.
You were not hungry.

You visited 1 branch of the dungeon, and saw 2 of its levels.

You collected 26 gold pieces.

Inventory:

Hand Weapons
 f - a +0 short sword (weapon)
Armour
 a - a +0 robe (worn)
Scrolls
 d - a scroll of identify
Potions
 e - a potion of lignification
 g - a potion of curing
Comestibles
 c - 4 rations


   Skills:
 - Level 2.4 Dodging
 - Level 2.6 Stealth
 * Level 2.4 Spellcasting
 + Level 2.0 Conjurations
 * Level 4.1 Fire Magic


You had 2 spell levels left.
You knew the following spells:

 Your Spells              Type           Power        Failure   Level  Hunger
a - Flame Tongue          Conj/Fire      ##...        5%          1    #......
b - Conjure Flame         Conj/Fire      ##......     17%         3    ###....


Dungeon Overview and Level Annotations

Branches:
Dungeon (2/15)

Altars:


Innate Abilities, Weirdness & Mutations

You have a beak for a mouth.
You have claws for feet.


Message History

The goblin hits you with a club.
You closely miss the goblin. Your kick misses the goblin.
The goblin is heavily wounded.
The goblin hits you with a club.
You hit the goblin but do no damage. Your kick misses the goblin.
The goblin is heavily wounded.
The goblin hits you with a club.
You are too injured to fight recklessly!
Casting: Flame Tongue (safe; 5% risk of failure)
Confirm with . or Enter, or press ? or * to list all spells.
Aiming: Flame Tongue (safe; 5% risk of failure)
Press: ? - help, Shift-Dir - straight line, f - dart slug
Aim: a dart slug (clinging)
The flame tongue hits the dart slug.
The dart slug is heavily wounded.
The goblin hits you with a club.
* * * LOW HITPOINT WARNING * * *
The dart slug launches a dart at you. The slug dart hits you!
You die...

#######.###
#..# ##.##
#####...#
........#
####...!##
#.##..# #(
##.# #. #@#
#. #gw#
##.# .# .#
.. .. ...


You could see a dart slug and a goblin.

Vanquished Creatures
  2 oozes (D:1)
  2 worms (D:2)
  A dart slug (D:1)
  A leopard gecko (D:1)
  5 bats
  4 giant cockroaches
  4 hobgoblins
  4 jackals (D:2)
  5 kobolds (D:1)
  2 frilled lizards
  3 goblins
  3 rats
36 creatures vanquished.

Notes
Turn   | Place    | Note
-------+----------+-------------------------------------------
     0 | D:1      | JeffiDaFish the Tengu Fire Elementalist began the quest for the Orb.
     0 | D:1      | Reached XP level 1. HP: 10/10 MP: 4/4
   164 | D:1      | Reached XP level 2. HP: 11/15 MP: 6/6
  1314 | D:1      | Reached XP level 3. HP: 14/19 MP: 2/7
  1772 | D:2      | Reached skill level 4 in Fire Magic
  2044 | D:2      | Learned a level 3 spell: Conjure Flame
  2261 | D:2      | Killed from afar by a dart slug

Vault maps used:
D:1:      erik_arrival_gehennom

Skill      XL: |  1  2  3 |
---------------+----------+-----
Fire Magic     | 4 |  4.1
Conjurations   | 2 |  2.0
Dodging        | |  2.4
Stealth        | |  2.6
Spellcasting   | |  2.4

Action                   || total
-------------------------++-------
Melee: Unarmed           ||     8
       Dagger            ||    24
       Kick              ||    10
       Peck              ||     5
       Short sword       ||    25
 Cast: Flame Tongue      ||    43
  Use: Scroll            ||     4
       Potion            ||     2
 Stab: Sleeping          ||     4
  Eat: Chunk             ||     5
Armor: Robe              ||     7
Dodge: Dodged            ||    62

Table legend:
 A = Spawn XP
 B = Non-spawn XP
 C = Spawn XP percentage of total XP
 D = Spawn monster count
 E = Non-spawn monster count
 F = Spawn count percentage of total count
 G = Total turns spent on level
                    A         B        C        D         E        F      G
               +---------+---------+-------+---------+---------+-------+---------
         Total |       0 |      79 |   0.0 |       0 |      36 |   0.0 |  2261
               +---------+---------+-------+---------+---------+-------+---------
           D:1 |       0 |      47 |   0.0 |       0 |      22 |   0.0 |  1731
           D:2 |       0 |      32 |   0.0 |       0 |      14 |   0.0 |   530
               +---------+---------+-------+---------+---------+-------+---------
